 Dungeon Crawl Stone Soup version 0.24-a0-201-gf205589 (webtiles) character file.

Game seed: 6102538005453749115

46 Borgoz the Cutter (level 3, -4/31 HPs)
             Began as a Ghoul Monk on Mar 23, 2019.
             Killed from afar by Sigmund (6 damage)
             ... with a puff of flame
             ... on level 2 of the Dungeon.
             The game lasted 00:03:17 (785 turns).

Borgoz the Cutter (Ghoul Monk)                       Turns: 785, Time: 00:03:18

Health: -4/31      AC:  5    Str: 14    XL:     3   Next: 66%
Magic:  2/2        EV: 11    Int: 11    God:
Gold:   38         SH:  0    Dex: 11    Spells: 2/2 levels left

rFire    . . .     SeeInvis .   a - +0 short sword
rCold    + . .     Gourm    .   (no shield)
rNeg     + + +     Faith    .   j - +0 ring mail
rPois    ∞         Spirit   .   (no helmet)
rElec    .         Reflect  .   (no cloak)
rCorr    .         Harm     .   (no gloves)
MR       .....                  (no boots)
Stlth    +.........             (no amulet)
HPRegen  0.00/turn              (no ring)
MPRegen  0.08/turn              (no ring)

@: brilliant, flying, rotting
A: rotting body, claws 1, carnivore, cold resistance 1, negative energy
resistance 3, inhibited regeneration, torment resistance, unbreathing
a: no special abilities


You were on level 2 of the Dungeon.
You were not hungry.

You visited 1 branch of the dungeon, and saw 2 of its levels.

You collected 38 gold pieces.

Inventory:

Hand Weapons
 a - a +0 short sword (weapon)
Missiles
 b - 4 exploding tomahawks (quivered)
Armour
 j - a +0 ring mail (worn)
Scrolls
 g - 2 scrolls of identify {unknown}
 h - a scroll of remove curse {unknown}
 i - a scroll of enchant armour {unknown}
Comestibles
 c - 2 rations
 f - 8 chunks of flesh


   Skills:
 + Level 3.5 Fighting
 + Level 3.6 Short Blades
 + Level 0.1 Armour
 + Level 3.0 Dodging
 + Level 2.2 Stealth


You had 2 spell levels left.
You didn't know any spells.
Your spell library was empty.

Dungeon Overview and Level Annotations

Branches:
Dungeon (2/15)

Altars:
Cheibriados
Nemelex Xobeh

Annotations:
D:2 Sigmund


Innate Abilities, Weirdness & Mutations

Your body is rotting away.
You thrive on raw meat.
You are immune to poison.
You have sharp fingernails.
You are carnivorous and can eat meat at any time.
Your flesh is cold resistant. (rC+)
You are immune to negative energy. (rN+++)
You do not regenerate when monsters are visible.
You are immune to unholy pain and torment.
You can survive without breathing.


Message History

Sigmund is severely wounded.
Sigmund hits you with a cursed -3 scythe!
* * * LOW HITPOINT WARNING * * *
You hit Sigmund but do no damage.
Sigmund is severely wounded.
The rat barely misses you. Sigmund gestures at you while chanting.
You resist with significant effort.
You closely miss Sigmund.
Sigmund is severely wounded.
The rat closely misses you. Sigmund misses you.
You barely miss Sigmund.
Sigmund is severely wounded.
The rat bites you but does no damage.
You hit Sigmund.
Sigmund is almost dead.
The rat bites you but does no damage. Sigmund casts a spell at you.
The puff of flame hits you.
You die...

###########.....# #
................# #
#.............# #
#.............########
#....................(
#.....................
######.#######........
########.# #........
......r@.#######.....)..
......@.................
........#.########.#####
........#..# #.# ##
........##.# #.# ##.
######### .# #.###..
.#######.##..#
............##
..######...###


You could see Sigmund and a rat.

Vanquished Creatures
  2 worms (D:2)
  3 dart slugs (D:1)
  6 bats
  A giant cockroach (D:1)
  7 goblins (D:1)
  4 hobgoblins (D:1)
  2 frilled lizards
  4 kobolds
  5 rats
34 creatures vanquished.

Notes
Turn   | Place    | Note
-------+----------+-------------------------------------------
     0 | D:1      | Borgoz the Ghoul Monk began the quest for the Orb.
     0 | D:1      | Reached XP level 1. HP: 19/19 MP: 0/0
     0 | D:1      | Noticed a ghoul
    12 | D:1      | Noticed an octopode
    18 | D:1      | Noticed a troll
   166 | D:1      | Found a snail-covered altar of Cheibriados.
   263 | D:1      | Reached XP level 2. HP: 19/26 MP: 1/1
   501 | D:1      | Reached XP level 3. HP: 29/31 MP: 2/2
   696 | D:2      | Found a sparkling altar of Nemelex Xobeh.
   760 | D:2      | Noticed Sigmund
   785 | D:2      | Killed from afar by Sigmund

Levels and vault maps discovered:
D:1:      shiori_arrival_whats_in_store_for_you, layout_rooms,
          cheibriados_altar_1
D:2:      layout_basic, minmay_misc_feat_roman, nemelex_diamond_rough_becter,
          uniq_sigmund, uniq_natasha, uniq_robin

Skill      XL: |  1  2  3 |
---------------+----------+-----
Short Blades   | 3 |  3.6
Dodging        | 3 |  3.0
Fighting       | |  3.5
Armour         | |  0.1
Stealth        | |  2.2

Action                   || total
-------------------------++-------
Melee: Short sword       ||   156
  Use: Potion            ||     3
  Eat: Chunk             ||    11
Armor: Robe              ||     4
       Ring mail         ||    42
Dodge: Dodged            ||    85

Table legend:
 A = Non-vault XP
 B = Vault XP
 C = Vault XP percentage of total XP
 D = Non-vault monster count
 E = Vault monster count
 F = Vault count percentage of total count
                 A         B        C        D         E       F
            +---------+---------+-------+---------+---------+-------
      Total |      66 |       0 |   0.0 |      34 |       0 |   0.0
            +---------+---------+-------+---------+---------+-------
        D:1 |      50 |       0 |   0.0 |      27 |       0 |   0.0
        D:2 |      16 |       0 |   0.0 |       7 |       0 |   0.0
            +---------+---------+-------+---------+---------+-------
